[Event "FIDE Grand Swiss 2023"]
[Site "Villa Marina, Douglas, Isle of Man, Isle Of Man"]
[Date "2023.11.05"]
[Round "11.48"]
[White "Iturrizaga Bonelli, Eduardo"]
[Black "Greenfeld, Alon"]
[Result "1-0"]
[TimeControl "40/90 + 30 + 30s/move"]
[WhiteFideId "3901211"]
[BlackFideId "2800039"]
[WhiteElo "2615"]
[BlackElo "2455"]

1. c4 c5 2. Nc3 Nf6 3. g3 e6 4. Nf3 Nc6 5. Bg2 d5 6. cxd5 exd5 7. d4 cxd4 8. Nxd4 Bc5 9. Nxc6 bxc6 10.
Na4 Bb6 11. Nxb6 axb6 12. Qc2 Bd7 13. O-O O-O 14. a4 Re8 15.
b4 Ne4 16. Be3 h5 17. Rfd1 h4 18. b5 cxb5 19. Rxd5 Nf6 20. Bg5 Qe7 21. Bxh4 bxa4 22. Rd4 Ra5 23. Qd2 a3 24. h3 Qe5 25.
e3 Bf5 26. g4 Ne4 27. Qb4 Bh7 28. f4 Qb5 29. Bxe4 Bxe4 30. Rxe4 Rxe4 31. Qxe4 Qb2 32. Rd1 g6 33. Qe8+ 1-0

[Event "FIDE Grand Swiss 2023"]
[Site "Villa Marina, Douglas, Isle of Man, Isle Of Man"]
[Date "2023.11.05"]
[Round "11.49"]
[White "Kozak, Adam"]
[Black "Karthikeyan, Murali"]
[Result "1-0"]
[TimeControl "40/90 + 30 + 30s/move"]
[WhiteFideId "753246"]
[BlackFideId "5074452"]
[WhiteElo "2566"]
[BlackElo "2611"]

1. e4 c5 2. Nf3 Nc6 3. Bc4 e6 4. O-O a6 5. Re1 Be7 6. c3 d5 7. exd5 exd5 8. Bf1 Nf6 9. d4 O-O 10.
Be3 cxd4 11. Nxd4 Ng4 12. Nd2 Nxe3 13. Rxe3 Nxd4 14. cxd4 Bg5 15. Rc3 Bf6 16. Nf3 Qd6 17. Qd2 Bf5 18.
Re1 Rfe8 19. Rce3 Rxe3 20. fxe3 Re8 21. Bd3 Bd7 22. a3 g6 23. Bb1 Kg7 24. Rc1 h5 25. Qf2 Bb5 26. Rc3 Qe6 27.
h3 Re7 28. Qg3 Be8 29. Qf2 a5 30. Qd2 b6 31. Qd3 Bd7 32. Qd2 Kf8 33. Qf2 b5 34. b4 axb4 35. axb4 Kg7 36. Ba2 Be8 37.
Qd2 Ra7 38. Rc5 Be7 39. Bxd5 Ra1+ 40. Kf2 Qf6 41. Rc1 Bxb4 42. Qb2 Ra4 43. Qc2 Bd6 44. Kg1 Ra3 45. e4 Bf4 46. Rd1 Rxf3 47.
gxf3 Bd7 48. Qf2 Bxh3 49. Kh1 b4 50. Rg1 Bd7 51. Rg2 Bh3 52. Rg1 Bd7 53. Rg2 Qa6 54. e5 Bf5 55. Be4 Bd7 56.
Bd5 Be6 57. Be4 b3 58. Qh4 Be3 1-0

[Event "FIDE Grand Swiss 2023"]
[Site "Villa Marina, Douglas, Isle of Man, Isle Of Man"]
[Date "2023.11.05"]
[Round "11.50"]
[White "Lazavik, Denis"]
[Black "Mareco, Sandro"]
[Result "1-0"]
[TimeControl "40/90 + 30 + 30s/move"]
[WhiteFideId "13515110"]
[BlackFideId "112275"]
[WhiteElo "2560"]
[BlackElo "2606"]

1. d4 Nf6 2. c4 e6 3. Nf3 a6 4. Nc3 d5 5. cxd5 exd5 6. Bg5 Be6 7. e3 Nbd7 8. Bd3 c6 9. O-O Bd6 10.
Rc1 O-O 11. Nd2 Be7 12. f4 Ng4 13. Bxe7 Qxe7 14. Qe2 f5 15. Nf3 Ngf6 16. Na4 Ne4 17. Ne5 Rae8 18. a3 g5 19. Nxd7 Bxd7 20.
Bxe4 fxe4 21. fxg5 Qxg5 22. Rxf8+ Rxf8 23. Nc3 Bg4 24. Qd2 Qh6 25. Qe1 Kh8 26. Rc2 Rg8 27. Kh1 Rg5 28. Rf2 Rh5 29.
Qg1 a5 30. Rf4 Be6 31. Ne2 b6 32. b4 axb4 33. axb4 Rh4 34. Rxh4 Qxh4 35. Nf4 Bf7 36. h3 Kg8 37. Kh2 Qe7 38.
Qe1 c5 39. dxc5 bxc5 40. bxc5 Qxc5 41. Qg3+ Kf8 42. Ne2 Qe7 43. Qf4 Kg7 44. Nd4 Bg6 45. g4 Qb4 46. h4 Kg8 47. h5 Qb2+ 48.
Kh3 1-0

[Event "FIDE Grand Swiss 2023"]
[Site "Villa Marina, Douglas, Isle of Man, Isle Of Man"]
[Date "2023.11.05"]
[Round "11.51"]
[White "Royal, Shreyas"]
[Black "Wagner, Dennis"]
[Result "1/2-1/2"]
[TimeControl "40/90 + 30 + 30s/move"]
[WhiteFideId "448869"]
[BlackFideId "24650684"]
[WhiteElo "2407"]
[BlackElo "2589"]

1. d4 Nf6 2. c4 g6 3. Nf3 Bg7 4. e3 O-O 5. Be2 d6 6. Nc3 Bf5 7. Nd2 a5 8. e4 Bd7 9. Nf1 a4 10.
a3 e5 11. d5 Na6 12. Be3 h5 13. h3 Nc5 14. Nd2 Nh7 15. Qc2 Bf6 16. O-O-O Bg5 17. Bxc5 dxc5 18. Kb1 Qf6 19. Nf3 Bh6 20.
d6 cxd6 21. Nb5 Qe7 22. Nxd6 Bc6 23. Nb5 Ng5 24. Nxg5 Qxg5 25. g3 h4 26. Nc7 hxg3 27. Nxa8 Rxa8 28. Rhg1 Qf4 29. fxg3 Qxe4 30.
Bd3 Qe3 31. Rge1 Qxg3 32. Rg1 Qh4 33. Bxg6 Kh8 34. Bf5 Rg8 35. Qe2 e4 36. Rxg8+ Kxg8 37. Rg1+ Kf8 38. Qe1 Qxe1+ 39. Rxe1 Bd2 40. Rxe4 Bxe4+ 41. Bxe4 b6 42.
Bc2 Kg7 43. Bxa4 f5 44. Kc2 Bf4 45. Bd7 Kg6 46. b3 Bg3 47. Kd3 Kf6 48. Ke3 Ke5 49. Kf3 Be1 50. Ke2 Bh4 51. Bc8 Be7 52.
Kf3 Bh4 53. Bd7 Be1 54. Bc8 Bh4 55. Bd7 1/2-1/2

[Event "FIDE Grand Swiss 2023"]
[Site "Villa Marina, Douglas, Isle of Man, Isle Of Man"]
[Date "2023.11.05"]
[Round "11.52"]
[White "Donchenko, Alexander"]
[Black "Gupta, Abhijeet"]
[Result "1/2-1/2"]
[TimeControl "40/90 + 30 + 30s/move"]
[WhiteFideId "24603295"]
[BlackFideId "5010608"]
[WhiteElo "2676"]
[BlackElo "2609"]

1. Nf3 d5 2. e3 Nf6 3. c4 c6 4. Nc3 Nbd7 5. Qc2 e5 6. cxd5 Nxd5 7. d4 Bd6 8. Nxe5 Nb4 9. Qe4 f5 10.
Qb1 Nxe5 11. dxe5 Bxe5 12. Bd2 Be6 13. a3 Nd5 14. Qc2 Qf6 15. Na4 O-O 16. f4 Bd6 17. Bd3 c5 18. Nc3 Kh8 19.
O-O c4 20. Bxc4 Nxe3 21. Bxe3 Bxc4 22. Rfe1 Rae8 23. Qf2 b6 24. Bd4 Qh6 25. Qg3 Kg8 26. Be5 Bxe5 27. fxe5 f4 28. Qf3 Bf7 29.
Rf1 Bh5 30. Qd5+ Kh8 31. Rae1 Bg4 32. Ne4 Be6 33. Qd4 f3 34. Rxf3 Rxf3 35. gxf3 Qh5 36. f4 Rf8 37. Ng3 Qh4 38.
Rd1 h6 39. f5 Qxd4+ 40. Rxd4 Bxf5 41. Rf4 g6 42. e6 Kg7 43. e7 Re8 1/2-1/2

[Event "FIDE Grand Swiss 2023"]
[Site "Villa Marina, Douglas, Isle of Man, Isle Of Man"]
[Date "2023.11.05"]
[Round "11.53"]
[White "Wu, Li"]
[Black "Henriquez Villagra, Cristobal"]
[Result "0-1"]
[TimeControl "40/90 + 30 + 30s/move"]
[WhiteFideId "411086"]
[BlackFideId "3409350"]
[WhiteElo "2303"]
[BlackElo "2630"]

1. d4 Nf6 2. c4 e6 3. Nf3 d5 4. cxd5 exd5 5. Nc3 c6 6. Bg5 Be7 7. Qc2 O-O 8. e3 Ne4 9. Bf4 f5 10.
h4 Be6 11. Be2 Nd7 12. h5 Rc8 13. Qb3 b5 14. Rc1 a5 15. a3 Bf6 16. Nxe4 fxe4 17. Ne5 Nxe5 18. dxe5 Bg5 19. g3 Be7 20.
f3 exf3 21. Bxf3 Qd7 22. Qd3 c5 23. Kf2 c4 24. Qd2 b4 25. axb4 Bxb4 26. Qe2 Rcd8 27. Rhd1 Qe7 28. Kg2 Rd7 29.
Rd4 Bc5 30. Rd2 Rfd8 31. Rcd1 h6 32. Kh2 a4 33. Qg2 Qf7 34. Ra1 a3 35. bxa3 c3 36. Rd3 d4 37. exd4 Bxd4 38. Be3 Bxe3 39.
Rxe3 Rd2 40. Re2 Bc4 41. e6 Qe7 0-1

[Event "FIDE Grand Swiss 2023"]
[Site "Villa Marina, Douglas, Isle of Man, Isle Of Man"]
[Date "2023.11.05"]
[Round "11.54"]
[White "Samunenkov, Ihor"]
[Black "Sanal, Vahap"]
[Result "0-1"]
[TimeControl "40/90 + 30 + 30s/move"]
[WhiteFideId "14187086"]
[BlackFideId "6300545"]
[WhiteElo "2531"]
[BlackElo "2603"]

1. d4 d5 2. c4 c6 3. cxd5 cxd5 4. Nc3 Nf6 5. Bf4 Nc6 6. e3 a6 7. Be2 Bf5 8. Nf3 e6 9. Qb3 Bb4 10.
Ne5 Bxc3+ 11. bxc3 Nxe5 12. Bxe5 O-O 13. Qxb7 Ne4 14. Qb4 a5 15. Qa3 f6 16. Bf4 Rc8 17. Rc1 g5 18. Bg3 Qb6 19.
O-O Rf7 20. Rfd1 Rb7 21. Bf1 Qb2 22. Qxa5 Nxc3 23. Kh1 Kg7 24. Re1 Bc2 25. Qa6 Ne4 26. Qxe6 Nxg3+ 27. hxg3 Bf5 28. Qxd5 Be6 29.
Qe4 Bf5 30. Qf3 Bg4 31. Qd5 Rd7 32. Rb1 Qxf2 33. Qb5 Rc2 34. Rec1 Rxa2 35. Qc6 Qxe3 36. Rb7 Qxd4 37. Kh2 Ra7 38.
Rb8 Re7 39. Bc4 Rac7 40. Qa6 Be6 41. Rb4 Qc5 42. Qa3 Bf7 43. Qb2 Bxc4 44. Rbxc4 Qxc4 45. Rxc4 Rxc4 46. Qb3 Rd4 47. Qa3 Red7 48.
Qe3 h5 49. Qe6 Rf7 50. Qf5 Re7 51. Qc5 Rdd7 52. Qc2 Re1 53. g4 h4 54. Qc6 Rdd1 55. Qb7+ Kg6 56. g3 Rd2+ 57. Kh3 Ree2 58.
Qb1+ Rc2 59. Qg1 Kh6 60. Qh1 Rf2 61. Qg1 Rf3 0-1

[Event "FIDE Grand Swiss 2023"]
[Site "Villa Marina, Douglas, Isle of Man, Isle Of Man"]
[Date "2023.11.05"]
[Round "11.55"]
[White "Fawzy, Adham"]
[Black "Maurizzi, Marc`andria"]
[Result "1/2-1/2"]
[TimeControl "40/90 + 30 + 30s/move"]
[WhiteFideId "10613129"]
[BlackFideId "36083534"]
[WhiteElo "2535"]
[BlackElo "2555"]

1. d4 d5 2. Nc3 Nf6 3. Bf4 a6 4. e3 c5 5. dxc5 e6 6. Nf3 Bxc5 7. Bd3 O-O 8. O-O Nbd7 9. e4 dxe4 10.
Nxe4 Nxe4 11. Bxe4 Nf6 12. Qe2 Nxe4 13. Qxe4 f6 14. Qc4 Qb6 15. Rad1 Kh8 16. Nd2 e5 17. Nb3 Be7 18. Be3 Be6 19.
Bxb6 Bxc4 20. Rfe1 Bb5 21. f4 Kg8 22. Nd4 exd4 23. Rxe7 Rf7 24. Rxf7 Kxf7 25. Rxd4 Re8 26. c4 Bc6 27.
Kf2 Re4 28. g3 Ke6 29. Rxe4+ Bxe4 30. Ke3 Bc6 31. g4 g5 32. b3 Bg2 33. fxg5 fxg5 34. Bd8 h6 35. Bb6 Bh3 36. Kf3 Bf1 37.
Bd4 Kf7 38. Ke3 Bh3 39. Kf3 1/2-1/2

[Event "FIDE Grand Swiss 2023"]
[Site "Villa Marina, Douglas, Isle of Man, Isle Of Man"]
[Date "2023.11.05"]
[Round "11.56"]
[White "Kolbus, Dietmar"]
[Black "Fier, Alexandr"]
[Result "1/2-1/2"]
[TimeControl "40/90 + 30 + 30s/move"]
[WhiteFideId "4610628"]
[BlackFideId "2107139"]
[WhiteElo "2225"]
[BlackElo "2574"]

1. d4 Nf6 2. c4 g6 3. Nc3 d5 4. Nf3 Bg7 5. cxd5 Nxd5 6. e4 Nxc3 7. bxc3 c5 8. Be3 Qa5 9. Qd2 O-O 10. Rc1 Rd8 11. d5 e6 12.
c4 Qxd2+ 13. Nxd2 b6 14. Be2 Na6 15. O-O Nb4 16. a3 Na2 17. Rc2 Nc3 18. Re1 exd5 19. cxd5 Nxe2+ 20. Rxe2 Ba6 21.
Nc4 Rd7 22. Re1 Re8 23. f3 f5 24. Bf2 Bb5 25. Rcc1 Ba4 26. exf5 Rxe1+ 27. Rxe1 Rxd5 28. fxg6 hxg6 29. f4 Bc3 30.
Rc1 Rd1+ 31. Rxd1 Bxd1 32. Be3 Bb3 33. Nd6 Bb2 34. Nc8 c4 35. Nxa7 c3 36. Bd4 Ba1 37. Be3 c2 38. Bc1 Ba4 39. Kf2 Kf7 40. Ke2 Ke6 41. Kd3 Bf6 42. Kc4 Kf5 43.
Nb5 Bxb5+ 44. Kxb5 Ke4 45. Kc4 Bd4 46. Kb3 Kd3 47. a4 Bc3 48. g4 Bf6 49. h3 Bc3 50. h4 Bd2 51. Kb2 Bc3+ 52.
Kb3 Bd2 53. Kb2 1/2-1/2